 Dungeon Crawl Stone Soup version 0.23.1-37-gaa34b87b72 (webtiles) character file.

Game seed: 15542124068786893610

102 PentaManta the Bolt Thrower (level 5, -4/32 HPs)
             Began as a Kobold Hunter on Mar 21, 2019.
             Killed from afar by Natasha (8 damage)
             ... with a magic dart
             ... on level 2 of the Dungeon.
             The game lasted 00:03:35 (1481 turns).

PentaManta the Bolt Thrower (Kobold Hunter)         Turns: 1481, Time: 00:03:36

Health: -4/32      AC:  3    Str: 10    XL:     5   Next: 6%
Magic:  5/5        EV: 16    Int: 12    God:
Gold:   53         SH:  0    Dex: 16    Spells: 4/4 levels left

rFire    . . .     SeeInvis .   b - +0 short sword
rCold    . . .     Gourm    .   (shield restricted)
rNeg     . . .     Faith    .   e - +0 leather armour
rPois    .         Spirit   .   (no helmet)
rElec    .         Reflect  .   (no cloak)
rCorr    .         Harm     .   (no gloves)
MR       .....                  (no boots)
Stlth    ++........             (no amulet)
HPRegen  0.10/turn              (no ring)
MPRegen  0.09/turn              (no ring)

@: slowed, very slow
A: small, carnivore
a: no special abilities


You were on level 2 of the Dungeon.
You were not hungry.

You visited 1 branch of the dungeon, and saw 2 of its levels.

You collected 53 gold pieces.

Inventory:

Hand Weapons
 a - a +1 hand crossbow
 b - a +0 short sword (weapon)
Armour
 e - a +0 leather armour (worn)
Jewellery
 k - an uncursed ring of see invisible {unknown}
Scrolls
 i - a scroll of remove curse
 j - a scroll of amnesia {unknown}
Potions
 g - a potion of resistance {unknown}
 l - a potion of curing {unknown}
Comestibles
 f - 4 rations


   Skills:
 + Level 3.5 Fighting
 + Level 5.7 Crossbows
 + Level 3.8 Dodging
 - Level 1.3 Stealth


You had 4 spell levels left.
You didn't know any spells.
Your spell library was empty.

Dungeon Overview and Level Annotations

Branches:
Dungeon (2/15)

Altars:

Annotations:
D:2 exclusion: centaur, Natasha, Terence


Innate Abilities, Weirdness & Mutations

You are small and have problems with some larger weapons.
You are carnivorous and can eat meat at any time.


Message History

Natasha is lightly wounded.
Natasha mumbles some strange words.
Natasha glows brightly for a moment.
Natasha claws you. Natasha barely misses you.
You hit Natasha but do no damage.
Natasha is lightly wounded.
Natasha casts a spell at you.
You feel yourself slow down.
You hit Natasha but do no damage.
Natasha is lightly wounded.
Natasha claws you.
You hit Natasha.
Natasha is heavily wounded.
Natasha closely misses you. Natasha claws you.
* * * LOW HITPOINT WARNING * * *
You barely miss Natasha.
Natasha is heavily wounded.
Natasha stares at you and mumbles some strange words.
The magic dart hits you!
You die... s

.. #.# ##...##.#
. . #.# ###....#
. . #.# ####.# .
.. #.# #.# . ...
#.# #.# . ....
#.# #.# #
.....###.####
#.#
....#...รท...#
...
.......@h...# ..
.####...........
#.......####
.........#
###.....).#
#########


You could see Natasha.

Vanquished Creatures
  Natasha (D:2)
  2 adders (D:2)
  An ooze (D:2)
  2 dart slugs (D:1)
  2 leopard geckos
  A ball python (D:2)
  5 giant cockroaches
  3 goblins
  10 hobgoblins
  5 bats
  2 frilled lizards
  8 kobolds
  7 rats
49 creatures vanquished.

Notes
Turn   | Place    | Note
-------+----------+-------------------------------------------
     0 | D:1      | PentaManta the Kobold Hunter began the quest for the Orb.
     0 | D:1      | Reached XP level 1. HP: 12/12 MP: 1/1
    65 | D:1      | Reached skill level 5 in Crossbows
    65 | D:1      | Reached XP level 2. HP: 16/18 MP: 2/2
   314 | D:1      | Reached XP level 3. HP: 22/22 MP: 3/3
   700 | D:2      | Reached XP level 4. HP: 28/28 MP: 4/4
   763 | D:2      | Noticed Terence
  1346 | D:2      | Noticed a centaur
  1378 | D:2      | Noticed Natasha
  1401 | D:2      | Killed Natasha
  1401 | D:2      | Reached XP level 5. HP: 20/32 MP: 5/5
  1423 | D:2      | Noticed Natasha
  1481 | D:2      | Killed from afar by Natasha

Skill      XL: |  1  2  3 |
---------------+----------+-----
Crossbows      | 5 |  5.7
Dodging        | 3 |  3.8
Fighting       | 3 |  3.5
Stealth        | |  1.3

Action                   |  1- 3 |  4- 6 || total
-------------------------+-------+-------++-------
Melee: Short sword       |       |    63 ||    63
 Fire: Hand crossbow     |    82 |     7 ||    89
  Use: Scroll            |       |     1 ||     1
       Potion            |       |     1 ||     1
 Stab: Sleeping          |       |     1 ||     1
  Eat: Chunk             |       |     3 ||     3
Armor: Leather armour    |     6 |    16 ||    22
Dodge: Dodged            |    22 |    71 ||    93
